 Dungeon Crawl Stone Soup version 0.29-a0-284-gf9362112df (webtiles) character file.

Game seed: 2153529390577737893

150 gzilladon the Chopper (level 5, -2/47 HPs)
             Began as a Minotaur Berserker on Mar 25, 2022.
             Was a Follower of Trog.
             Slain by Sigmund
             ... wielding a +1 scythe of venom
              (9 damage)
             ... on level 2 of the Dungeon.
             The game lasted 00:08:52 (1623 turns).

gzilladon the Chopper (Minotaur Berserker)          Turns: 1623, Time: 00:08:52

Health: -2/47      AC:  6    Str: 24    XL:     5   Next: 10%
Magic:  4/4        EV: 10    Int:  4    God:    Trog [*.....]
Gold:   132        SH:  0    Dex:  9    Spells: 4/4 levels left

rFire   . . .      SeeInvis .   a - +0 hand axe
rCold   . . .      Faith    .   (no shield)
rNeg    . . .      Spirit   .   f - +0 scale mail
rPois   .          Reflect  .   (helmet restricted)
rElec   .          Harm     .   (no cloak)
rCorr   .          Rampage  .   (no gloves)
Will    ++...                   (no boots)
Stlth   ..........              (no amulet)
HPRegen 1.15/turn               (no ring)
MPRegen 0.09/turn               (no ring)

@: lethally poisoned (-2 -> -9), strong-willed, on berserk cooldown,
regenerating, slowed, very slow
A: horns 2, retaliatory headbutt
a: Renounce Religion, Berserk


You were on level 2 of the Dungeon.
You worshipped Trog.
Trog was aware of your devotion.
You visited 1 branch of the dungeon, and saw 2 of its levels.

You collected 132 gold pieces.

Inventory:

Hand Weapons
 a - a +0 hand axe (weapon)
Missiles
 l - 6 poisoned darts (quivered)
 p - 39 stones
Armour
 b - a +0 animal skin
 f - a +0 scale mail (worn)
Magical Staves
 g - a staff of death
Scrolls
 d - 2 scrolls of amnesia {unknown}
 e - a scroll of teleportation {unknown}
 i - a scroll of summoning {unknown}
 j - a scroll of torment {unknown}
 n - a scroll of holy word {unknown}
 o - a scroll of fear {unknown}
 r - a scroll of blinking {unknown}
 t - a scroll of enchant armour {unknown}
Potions
 c - a potion of haste {unknown}
 h - a potion of berserk rage {unknown}
 k - 2 potions of might {unknown}
 m - 2 potions of attraction {unknown}
 q - a potion of lignification {unknown}
 s - a potion of magic {unknown}


   Skills:
 + Level 4.4 Fighting
 * Level 5.6 Axes
 + Level 3.3 Armour
 + Level 2.6 Dodging
 + Level 0.6 Stealth


You had 4 spell levels left.
You didn't know any spells.
Your spell library contained the following spells:

 Spells                   Type           Power      Damage    Failure   Level
 Ignite Poison            Fire/Tmut/Pois 0%         N/A       99%         3
 Mephitic Cloud           Conj/Pois/Air  0%         N/A       99%         3
 Freezing Cloud           Conj/Ice/Air   0%         6-21      100%        5


Dungeon Overview and Level Annotations

Branches:
Dungeon (2/15)

Altars:

Shops:
D:2 !

Annotations:
D:2 Sigmund


Innate Abilities, Weirdness & Mutations

You have a pair of horns on your head.
You reflexively headbutt those who attack you in melee.


Message History

d - 2 scrolls labelled MEYDEE PUNA (gained 1)
Found 3 gold pieces.
You now have 132 gold pieces (gained 15).
Sigmund the Dreaded comes into view.
He is wielding a +1 scythe of venom.
Sigmund hits you from afar with a +1 scythe of venom.
You are poisoned.
You feel sick. Sigmund hits you but does no damage.
You feel sick.
You feel sick.
Sigmund hits you with a +1 scythe of venom.
You are more poisoned.
Your skin crawls.
You feel strong-willed.
You can no longer call upon Trog for regeneration and willpower.
You feel very sick. Sigmund casts a spell at you. The puff of flame hits you.
A red film seems to cover your vision as you go berserk!
You feel yourself moving faster!
You feel mighty!
You feel sick.
Sigmund gestures wildly while chanting.
Sigmund flickers and vanishes!
Deactivating autopickup; reactivate with Ctrl-A.
You closely miss something. Your headbutt misses something.
You feel sick.
You miss something. Your headbutt misses something.
You feel sick. Something hits you.
You are more poisoned.
You feel very sick.
You feel a strong urge to attack something.
You feel sick. Something hits you!
You are more poisoned.
You feel very sick.
You feel your anger nearly subside.
You are no longer berserk.
You are exhausted.
You feel yourself slow down.
* * * LOW HITPOINT WARNING * * *
You feel very sick.
* * * LOW HITPOINT WARNING * * *
You feel extremely sick. Something hits you!
You die...

### ###.# ...#
########.#######
#..............#
#...##.#.#####.#
#....{.#.##.##.#
##.#...@#.#.##.##.######
........................
...#....#.#.##..#.......
. ######.#.##..#.......
..#.#...#.......
.#######.#...#.......
.........#...)....... #
#.#..#.∩..
#....#.#....... . #
#.#.......
#.####.#.......


There were no monsters in sight!

Vanquished Creatures
  Jessica (D:2)
  Natasha (thrice) (D:2)
  An adder (D:2)
  3 worms (D:2)
  A dart slug (D:1)
  2 bats
  6 endoplasms
  A giant cockroach (D:1)
  3 goblins (D:1)
  3 kobolds
  3 quokkas
  2 ball pythons
  A frilled lizard (D:1)
  2 rats
32 creatures vanquished.

Vanquished Creatures (others)
  2 plants (D:1)
2 creatures vanquished.

Grand Total: 34 creatures vanquished

Notes
Turn   | Place    | Note
-------+----------+-------------------------------------------
     0 | D:1      | gzilladon the Minotaur Berserker began the quest for the
                  | Orb.
     0 | D:1      | Reached XP level 1. HP: 19/19 MP: 0/0
   295 | D:1      | Reached skill level 4 in Axes
   372 | D:1      | Reached XP level 2. HP: 27/27 MP: 1/1
   483 | D:1      | Found a faded altar of an unknown god.
   897 | D:2      | Found Jafaupn's Distillery.
   973 | D:2      | Noticed Jessica
   990 | D:2      | Killed Jessica
   991 | D:2      | Reached XP level 3. HP: 33/33 MP: 2/2
  1071 | D:2      | Noticed Natasha
  1075 | D:2      | Killed Natasha
  1076 | D:2      | Reached skill level 5 in Axes
  1076 | D:2      | Reached XP level 4. HP: 41/41 MP: 3/3
  1138 | D:2      | Noticed Natasha
  1144 | D:2      | Killed Natasha
  1332 | D:2      | Noticed Natasha
  1343 | D:2      | Killed Natasha
  1343 | D:2      | Reached ** piety under Trog
  1344 | D:2      | Reached XP level 5. HP: 35/47 MP: 4/4
  1610 | D:2      | Noticed Sigmund
  1623 | D:2      | Slain by Sigmund

Illustrated notes

Levels and vault maps discovered:
D:1:      kennysheep_arrival_seaside, layout_loops_ring,
          ebering_ecumenical_altar_hall
D:2:      layout_basic, serial_shops, shop, nicolae_wormholes, uniq_jessica,
          uniq_sigmund, uniq_natasha

Skill      XL: |  1  2  3 |
---------------+----------+-----
Axes           | 4 5 |  5.6
Fighting       | 4 |  4.4
Armour         | 3 |  3.3
Dodging        | |  2.6
Stealth        | |  0.6

Action                   |  1- 3 |  4- 6 || total
-------------------------+-------+-------++-------
Melee: Hand axe          |    58 |    32 ||    90
       Headbutt          |    14 |     1 ||    15
Invok: Berserk           |     1 |     1 ||     2
       Trog's Hand       |       |     1 ||     1
Armor: Scale mail        |    15 |    13 ||    28
Dodge: Dodged            |    20 |    11 ||    31

Table legend: (Time is in decaauts)
 A = Elapsed time spent in this place.
 B = Non-inter-level travel time spent in this place.
 C = Inter-level travel time spent in this place.
 D = Time resting spent in this place.
 E = Time spent auto-exploring this place.
 F = Levels seen in this place.
 G = Mean time per level.
                   A        B        C        D        E       F      G
               +--------+--------+--------+--------+--------+-----+--------+
         Total |   1634 |   1591 |     43 |    321 |      0 |   2 |  817.0 |
       Dungeon |   1634 |   1591 |     43 |    321 |      0 |   2 |  817.0 |
               +--------+--------+--------+--------+--------+-----+--------+

Top non-repeatable levels by time:
     D:1: 900 daAuts
     D:2: 733 daAuts
